 Dungeon Crawl Stone Soup version 0.17.2 (webtiles) character file.

148 Shtopit the Skirmisher (level 5, 0/51 HPs)
             Began as a Gargoyle Berserker on May 9, 2016.
             Was a Priest of Trog.
             Slain by an iguana (7 damage)
             ... on level 4 of the Dungeon.
             The game lasted 00:05:25 (2529 turns).

Shtopit the Skirmisher (Gargoyle Berserker)         Turns: 2529, Time: 00:05:25

Health: 0/51       AC:  7    Str: 26    XL:     5   Next: 30%
Magic:  5/5        EV: 11    Int:  8    God:    Trog [***...]
Gold:   187        SH:  3    Dex:  9    Spells: 0 memorised, 4 levels left

rFire  . . .     SeeInvis .     a - +0 mace
rCold  . . .     Clarity  .     b - +0 animal skin
rNeg   + . .     SustAt   .     p - +0 buckler
rPois  ∞         Gourm    .     (no helmet)
rElec  +         Spirit   .     n - +0 cloak
rCorr  .         Warding  .     (no gloves)
rMut   .         Stasis   .     (no boots)
MR     .....                    (no amulet)
Stlth  ..........               (no ring)
                                (no ring)

@: berserking, very quick, not resistant to hostile enchantments, extremely
unstealthy
A: negative energy resistance 1, electricity resistance, unbreathing,
petrification resistance, rot immunity, AC +4
a: Berserk, Trog's Hand, Burn Spellbooks, Renounce Religion


You were on level 4 of the Dungeon.
You worshipped Trog.
Trog was most pleased with you.
You were hungry.

You visited 1 branch of the dungeon, and saw 4 of its levels.

You collected 187 gold pieces.

Inventory:

Hand Weapons
 a - a +0 mace (weapon)
 q - a +0 blowgun
Missiles
 t - 16 poisoned needles
 x - 4 curare-tipped needles
Armour
 b - a +0 animal skin (worn)
 n - a +0 cloak (worn)
 p - a +0 buckler (worn)
Rods
 u - a +0 rod of clouds (14/14)
   (You found it on level 3 of the Dungeon)
Jewellery
 l - an uncursed ring of stealth {unknown}
 v - an uncursed ring of positive energy {unknown}
Scrolls
 f - a scroll of enchant armour {unknown}
 h - 2 scrolls of teleportation {unknown}
 i - a scroll of blinking {unknown}
 j - a scroll of amnesia {unknown}
 k - 3 scrolls of remove curse {unknown}
 m - 4 scrolls of enchant weapon {unknown}
 s - 2 scrolls of identify {unknown}
 w - a scroll of random uselessness {unknown}
Potions
 d - a potion of haste {unknown}
 e - 2 potions of invisibility {unknown}
 o - 2 potions of resistance {unknown}
 r - a potion of brilliance {unknown}
Comestibles
 c - 5 bread rations
 g - a meat ration


   Skills:
 + Level 4.3 Fighting
 * Level 4.2 Maces & Flails
 + Level 2.5 Armour
 + Level 2.5 Dodging
 + Level 0.2 Shields
 * Level 0.1 Evocations


You had 4 spell levels left.
You didn't know any spells.

Dungeon Overview and Level Annotations

Branches:
Dungeon (4/15)
 Temple: D:4-7

Altars:
Okawaru
Yredelemnul


Innate Abilities, Weirdness & Mutations

You are resistant to torment.
Your stone body is resilient (AC +4).
You are immune to poison.
You resist negative energy.
You are resistant to electric shocks.
You can survive without breathing.
You are immune to petrification.
You are immune to rotting.


Message History

The iguana barely misses you.
You are feeling hungry.
You hit the iguana.
The iguana is severely wounded.
The iguana barely misses you.
You hit the iguana.
The iguana is severely wounded.
The iguana bites you! x2
* * * LOW HITPOINT WARNING * * *
You hit the iguana.
The iguana is severely wounded.
The iguana bites you.
* * * LOW HITPOINT WARNING * * *
You hit the iguana but do no damage.
The iguana is severely wounded.
The iguana misses you.
A red film seems to cover your vision as you go berserk!
You feel yourself moving faster!
You feel mighty!
You feel somewhat more hungry. The iguana bites you!
You die...

#... #.... ...
..... ... #... .!
#..# .. #..# .#
##..##.#
##########......#
#..[...@l.......#
#.#######.....#.#
## #.....#.....
##...## ##.#
##..# .#
#####..#####.#.#
#..........<...#
#<###..#####.###
#..# .#


You could see an iguana.

Vanquished Creatures
  A hound (D:4)
  A worker ant (D:3)
  4 adders
  A giant gecko (D:2)
  An orc (D:3)
  6 goblins
  11 hobgoblins
  12 jackals
  3 kobolds
  2 quokkas (D:3)
  2 bats
  3 giant cockroaches
  4 giant newts
  5 rats (D:1)
56 creatures vanquished.

Notes
Turn   | Place    | Note
--------------------------------------------------------------
     0 | D:1      | Shtopit the Gargoyle Berserker began the quest for the Orb.
     0 | D:1      | Reached XP level 1. HP: 14/14 MP: 1/1
   110 | D:1      | Reached XP level 2. HP: 19/19 MP: 2/2
   631 | D:1      | Reached ** piety under Trog
   631 | D:1      | Reached XP level 3. HP: 24/24 MP: 3/3
   779 | D:2      | Found a faded altar to an unknown god.
   808 | D:2      | Found an iron altar of Okawaru.
  1626 | D:3      | Found a basalt altar of Yredelemnul.
  1671 | D:3      | Reached skill level 4 in Fighting
  1671 | D:3      | Reached XP level 4. HP: 13/29 MP: 4/4
  2515 | D:4      | Reached *** piety under Trog
  2515 | D:4      | Reached XP level 5. HP: 29/33 MP: 5/5
  2529 | D:4      | Slain by an iguana

Action                   |  1- 3 |  4- 6 || total
-------------------------+-------+-------++-------
Melee: Mace              |   155 |    52 ||   207
Invok: Berserk           |     1 |     1 ||     2
  Eat: Chunk             |     4 |     2 ||     6
